 Dungeon Crawl Stone Soup version 0.29.0-13-gc9e81de378 (webtiles) character file.

Game seed: 2463283221966870031

4 Bartlander the Cudgeller (level 1, 0/23 HPs)
             Began as a Gnoll Cinder Acolyte on Sept 7, 2022.
             Was a High Priest of Ignis.
             Succumbed to a kobold's poison
             ... on level 1 of the Dungeon.
             The game lasted 00:00:49 (210 turns).

Bartlander the Cudgeller (Gnoll Cinder Acolyte)      Turns: 210, Time: 00:00:49

Health: 0/23       AC:  2    Str: 13    XL:     1   Next: 70%
Magic:  4/4        EV: 11    Int: 13    God:    Ignis [*****.]
Gold:   25         SH:  0    Dex:  7    Spells: 5/5 levels left

rFire   + . .      SeeInvis .   a - -1 mace (flame)
rCold   . . .      Faith    .   (no shield)
rNeg    . . .      Spirit   .   b - +0 robe
rPois   .          Reflect  .   (no helmet)
rElec   .          Harm     .   (no cloak)
rCorr   .          Rampage  .   (no gloves)
Will    .....                   (no boots)
Stlth   +.........              (no amulet)
HPRegen 0.07/turn               (no ring)
MPRegen 0.09/turn               (no ring)

@: lethally poisoned (0 -> -6)
A: fangs 1, strong nose, distributed training
a: Renounce Religion, Fiery Armour, Foxfire Swarm, Rising Flame


You were on level 1 of the Dungeon.
You worshipped Ignis.
Ignis was extremely pleased with you.
You visited 1 branch of the dungeon, and saw 1 of its levels.

You collected 25 gold pieces.

Inventory:

Hand Weapons
 a - a -1 mace of flaming (weapon)
Armour
 b - a +0 robe (worn)


   Skills:
 + Level 6.4 Fighting
 + Level 0.1 Short Blades
 + Level 0.1 Long Blades
 + Level 0.1 Axes
 + Level 6.4 Maces & Flails
 + Level 0.1 Polearms
 + Level 0.1 Staves
 + Level 0.1 Ranged Weapons
 + Level 0.1 Throwing
 + Level 0.1 Armour
 + Level 0.1 Dodging
 + Level 0.1 Stealth
 + Level 0.1 Shields
 + Level 0.1 Unarmed Combat
 + Level 2.6 Spellcasting
 + Level 0.1 Conjurations
 + Level 0.1 Hexes
 + Level 0.1 Summonings
 + Level 0.1 Necromancy
 + Level 0.1 Translocations
 + Level 0.1 Transmutations
 + Level 5.3 Fire Magic
 + Level 0.1 Ice Magic
 + Level 0.1 Air Magic
 + Level 0.1 Earth Magic
 + Level 0.1 Poison Magic
 + Level 0.2 Invocations
 + Level 0.1 Evocations


You had 5 spell levels left.
You didn't know any spells.
Your spell library contained the following spells:

 Spells                   Type           Power      Damage    Failure   Level
 Scorch                   Fire           30%        2d6       4%          2


Dungeon Overview and Level Annotations

Branches:
Dungeon (1/15)

Altars:

Shops:
D:1 [


Innate Abilities, Weirdness & Mutations

You have very sharp teeth.
Your uncanny sense of smell can sniff out nearby items.
Your experience applies equally to all skills.


Message History

You can access your shopping list by pressing '$'.
You now have 17 gold pieces.
You now have 25 gold pieces (gained 8).
A quokka comes into view.
The quokka moves out of view.
The quokka misses you.
You hit the quokka. You burn the quokka.
The quokka is almost dead.
The quokka bites you.
You closely miss the quokka.
The quokka is almost dead.
The quokka bites you but does no damage.
You hit the quokka. You burn the quokka.
You kill the quokka!
HP restored.
Found a sling.
Found a whip.
A kobold comes into view. It is wielding a +0 dagger of venom.
The kobold shouts!
The kobold moves out of view.
The kobold throws a stone.
The stone closely misses you.
The kobold hits you with a +0 dagger of venom.
You are poisoned.
You hit the kobold but do no damage.
You feel very sick.
The kobold hits you with a +0 dagger of venom.
You are lethally poisoned!
You sock the kobold! You burn the kobold.
You kill the kobold!
You feel very sick.
You aren't carrying any potions.
You feel very sick.
* * * LOW HITPOINT WARNING * * *
You feel sick.
Found an escape hatch in the floor.
* * * LOW HITPOINT WARNING * * *
You feel very sick.
* * * LOW HITPOINT WARNING * * *
You feel sick.
You die...

#.#.....#
#.....#.### #
#.#.###.#
#..#....# #.
#.#.# #.#
#..#.####...
#.#.###.#
##...).##....
#.....#.#
#.............
....#.#.#
#.###...##...##
##......##.
##..###.##
.#.###..#
#....>..# .#.#
#..# #@.###..#
.#.###.## #..##
# .#.....#
..#.#
.###..####
#.##.#
.###.....# #.
#.# .##.#.##.#
# #.#
.#.###.#.# ...
..## ##..# ...
##.###.#.#


There were no monsters in sight!

Vanquished Creatures
  2 bats (D:1)
  A kobold (D:1)
  A quokka (D:1)
4 creatures vanquished.

Notes
Turn   | Place    | Note
-------+----------+-------------------------------------------
     0 | D:1      | Bartlander the Gnoll Cinder Acolyte began the quest for the
                  | Orb.
     0 | D:1      | Reached XP level 1. HP: 23/23 MP: 4/4
    42 | D:1      | Found Jogynep's Antique Armour Shop.
   210 | D:1      | Succumbed to a kobold's poison

Illustrated notes

Levels and vault maps discovered:
D:1:      wander_arrival_chamber, layout_loops_ring, serial_shops,
          nicolae_lakefront_shop, shop, shop_fountains, minmay_misc_feat_square

Action                   || total
-------------------------++-------
Melee: Mace              ||    14
Armor: Robe              ||     6
Dodge: Dodged            ||    13
